 Dungeon Crawl Stone Soup version 0.18.1-50-g88ac8fd (webtiles) character file.

1360 Fiskpinne the Basher (level 8, 0/66 HPs)
             Began as a Minotaur Fighter on Oct 3, 2016.
             Was an Initiate of Okawaru.
             Slain by an orc warrior
             ... wielding a +0 glaive
              (13 damage)
             ... on level 6 of the Dungeon.
             The game lasted 00:14:17 (4379 turns).

Fiskpinne the Basher (Minotaur Fighter)             Turns: 4379, Time: 00:14:18

Health: 0/66       AC:  9    Str: 23    XL:     8   Next: 37%
Magic:  7/7        EV:  9    Int:  5    God:    Okawaru [......]
Gold:   93         SH: 10    Dex: 10    Spells: 0 memorised, 7 levels left

rFire  . . .     SeeInvis .     a - +0 flail
rCold  . . .     Gourm    .     F - +2 ring mail {rN+}
rNeg   + . .     Faith    .     c - +0 shield
rPois  .         Spirit   .     (helmet restricted)
rElec  .         Dismiss  .     (no cloak)
rCorr  .         Reflect  .     q - +0 pair of gloves
SustAt .         Harm     .     (no boots)
MR     +....                    (no amulet)
Stlth  ..........               (no ring)
                                n - ring of protection from magic

@: somewhat resistant to hostile enchantments, extremely unstealthy
A: retaliatory headbutt, horns 2
a: Renounce Religion


You were on level 6 of the Dungeon.
You worshipped Okawaru.
Okawaru was noncommittal.
You were not hungry.

You visited 2 branches of the dungeon, and saw 7 of its levels.
You also visited: Sewer.

You collected 225 gold pieces.
You spent 132 gold pieces at shops.

Inventory:

Hand Weapons
 a - a +0 flail (weapon)
Missiles
 y - 42 stones (quivered)
Armour
 c - a +0 shield (worn)
 q - a +0 pair of gloves (worn)
 F - a +2 ring mail of positive energy (worn)
Jewellery
 n - a ring of protection from magic (left hand)
Wands
 u - a wand of lightning (10/15)
 G - a wand of flame (21/48)
Scrolls
 e - 5 scrolls of identify {unknown}
 g - 4 scrolls of magic mapping {unknown}
 k - 3 scrolls of remove curse {unknown}
 o - a scroll of fog {unknown}
 s - a scroll of teleportation {unknown}
 t - a scroll of immolation {unknown}
 x - a scroll of enchant weapon {unknown}
 z - a scroll of noise {unknown}
 C - a scroll of enchant armour {unknown}
 E - a scroll of random uselessness {unknown}
Potions
 d - 3 potions of might
 h - a potion of cancellation {unknown}
 j - a potion of invisibility {unknown}
 l - a potion of ambrosia {unknown}
 m - 4 potions of flight {unknown}
 p - a potion of heal wounds
 v - 2 potions of degeneration {unknown}
 w - 2 potions of curing
 A - a potion of resistance {unknown}
 B - a potion of magic {unknown}
Books
 r - a Necronomicon

   Spells                             Type                      Level
   a - Haunt                          Necromancy/Summoning         7
   b - Borgnjor's Revivification      Necromancy                   8
   c - Death's Door                   Charms/Necromancy            8
   d - Necromutation                  Transmutation/Necromancy     8
Comestibles
 b - 4 chunks of flesh
 f - 3 bread rations
 i - 3 meat rations
 D - 2 beef jerkies


   Skills:
 - Level 3.7 Fighting
 * Level 9.2 Maces & Flails
 + Level 7.0 Armour
 + Level 6.9 Shields


You had 7 spell levels left.
You didn't know any spells.

Dungeon Overview and Level Annotations

Branches:
Dungeon (6/15)             Temple (1/1) D:5

Altars:
Ashenzari
Dithmenos
Elyvilon
Fedhas
Kikubaaqudgha
Makhleb
Nemelex Xobeh
Okawaru
Pakellas
Qazlal
Ru
Vehumet
Xom

Shops:
D:4 !


Innate Abilities, Weirdness & Mutations

You reflexively headbutt those who attack you in melee.
You have a pair of horns on your head.


Message History

The orc priest shouts!
The orc warrior hits you from afar with a glaive!
The orc priest moves out of view.
You see here a short sword.
There are monsters nearby!
There are monsters nearby!
An orc warrior is nearby!
The orc warrior hits you with a glaive.
You hit the orc warrior.
You headbutt the orc warrior, but do no damage.
The orc warrior is moderately wounded.
The orc warrior hits you with a glaive!
* * * LOW HITPOINT WARNING * * *
You hit the orc warrior. Your headbutt misses the orc warrior.
The orc warrior is moderately wounded.
Your shield and ring mail prevent you from hitting the orc warrior.
Your headbutt misses the orc warrior.
The orc warrior is moderately wounded.
The orc warrior hits you with a glaive!
You die...

..... #### #.# .#.####
##....####...## ##.##.......
...... ....#... ...#........
.....##.....#####..#........
..............#..#........
#.#...######.............
#####.?.#.#.#...#.#.........
#........$.o.##.###.....(....
..........o...oo@.....>........
###..#..#########....#........
#....## ####.#...##.## .....!.
#.#..##...## ###...###
#.#.##.....## .....
#.#.#.......## .....
#.#....._..... #.#.#....)..#
#.##.)))^##


You could see an orc warrior, an orc priest, an orc wizard and an orc.

Vanquished Creatures
  Duvessa (D:4)
  An ice beast (D:5)
  A phantom (D:5)
  An ogre (D:5)
  A centaur (D:6)
  A big kobold (Sewer)
  Dowan (D:4)
  A crimson imp (D:5)
  A hound (D:5)
  2 jellies (D:5)
  4 orc priests
  2 giant frog skeletons (D:5)
  Terence (D:3)
  A worker ant (D:5)
  4 orc wizards
  A worker ant zombie (D:6)
  4 gnolls (D:5)
  9 adders
  4 river rats
  5 oozes
  2 adder skeletons (D:4)
  4 worms
  A dart slug (D:4)
  3 giant geckos
  22 orcs
  4 giant cockroaches
  8 hobgoblins
  5 jackals
  11 kobolds
  A quokka (D:3)
  6 bats
  4 giant newts
  9 goblins
  7 rats
133 creatures vanquished.

Notes
Turn   | Place    | Note
--------------------------------------------------------------
     0 | D:1      | Fiskpinne the Minotaur Fighter began the quest for the Orb.
     0 | D:1      | Reached XP level 1. HP: 19/19 MP: 0/0
   103 | D:1      | Reached XP level 2. HP: 20/27 MP: 1/1
   241 | D:1      | Reached skill level 3 in Maces & Flails
   472 | D:2      | Found an oddly glowing altar of Pakellas.
   517 | D:2      | Reached XP level 3. HP: 33/33 MP: 2/2
   722 | D:2      | Reached skill level 4 in Maces & Flails
   933 | D:2      | Reached XP level 4. HP: 40/40 MP: 3/3
   975 | D:3      | Noticed Terence
   989 | D:3      | Killed Terence
  1316 | D:3      | Found a white marble altar of Elyvilon.
  1372 | D:3      | Found a glowing drain.
  1395 | D:3      | Reached XP level 5. HP: 39/46 MP: 4/4
  1400 | Sewer    | Entered a sewer
  1415 | Sewer    | Reached skill level 5 in Maces & Flails
  1642 | Sewer    | Reached skill level 5 in Armour
  1882 | Sewer    | Found a glowing silver altar of Zin.
  2043 | D:3      | Reached skill level 5 in Shields
  2280 | D:4      | Reached XP level 6. HP: 49/52 MP: 5/5
  2296 | D:4      | Reached skill level 6 in Maces & Flails
  2330 | D:4      | Got a crude lapis lazuli ring
  2392 | D:4      | Identified the ring "Afiolefigg" {rCorr Str-5 Dex+6} (You found it on level 4 of the Dungeon)
  2415 | D:4      | Noticed Duvessa
  2416 | D:4      | Noticed Dowan
  2434 | D:4      | Killed Duvessa
  2446 | D:4      | Killed Dowan
  2446 | D:4      | Reached skill level 7 in Maces & Flails
  2446 | D:4      | Reached XP level 7. HP: 29/58 MP: 6/6
  2477 | D:4      | Found Tebb's Distillery.
  2480 | D:4      | Bought a potion of curing for 36 gold pieces
  2480 | D:4      | Bought a potion of heal wounds for 60 gold pieces
  2482 | D:4      | Bought a potion of curing for 36 gold pieces
  2831 | D:5      | Entered Level 5 of the Dungeon
  2969 | D:5      | Found a staircase to the Ecumenical Temple.
  3022 | Temple   | Entered the Ecumenical Temple
  3458 | D:5      | Reached skill level 8 in Maces & Flails
  3516 | D:5      | Found a stormy altar of Qazlal.
  3572 | D:5      | Reached XP level 8. HP: 62/66 MP: 7/7
  4263 | Temple   | Became a worshipper of Warmaster Okawaru
  4286 | D:6      | Found a shattered altar of Ashenzari.
  4294 | D:6      | Reached skill level 9 in Maces & Flails
  4379 | D:6      | Slain by an orc warrior

Skill      XL: |  1  2  3  4  5  6  7  8 |
---------------+-------------------------+-----
Maces & Flails | 3 4 5 7 8 9 |  9.2
Shields        | 4 5 6 |  6.9
Armour         | 4 5 6 7 |  7.0
Fighting       | |  3.7

Action                   |  1- 3 |  4- 6 |  7- 9 || total
-------------------------+-------+-------+-------++-------
Melee: Flail             |    92 |   182 |   158 ||   432
       Headbutt          |    10 |    34 |    29 ||    73
  Use: Potion            |       |       |     2 ||     2
  Eat: Chunk             |       |     5 |     5 ||    10
       Bread ration      |       |       |     1 ||     1
Armor: Scale mail        |    36 |    76 |    44 ||   156
       Ring mail         |       |       |    10 ||    10
Dodge: Dodged            |    32 |    50 |    47 ||   129
Block: Shield            |    42 |   101 |    78 ||   221
